 Dungeon Crawl Stone Soup version 0.31-a0-1172-g9944ec47dd (webtiles) character file.

Game seed: 6604910984928446462

105 backslashecho the Changeling (level 5, -12/40 HPs)
             Began as a Meteoran Shapeshifter on Dec 11, 2023.
             Killed by divine providence
             ... invoked by an orc priest
              (14 damage)
             ... on level 3 of the Dungeon.
             The game lasted 00:03:00 (783 turns).

backslashecho the Changeling (Meteoran Shapeshifter) Turns: 783, Time: 00:03:00

Health: -12/40     AC:  6    Str: 15    XL:     5   Next: 30%
Magic:  6/6        EV: 12    Int: 11    God:
Gold:   73         SH:  0    Dex: 16    Spells: 4/4 levels left

rFire   . .          .
                       - Unarmed
rCold   . . .        (no shield)
rNeg    . . .        a - +0 animal skin
rPois   .            (helmet currently unavailable)
rElec   .            (cloak currently unavailable)
rCorr   .            (gloves currently unavailable)
SInv    .            (boots currently unavailable)
Will    .....        (no amulet)
Stlth   +            i - +4 ring of protection
HPRegen 0.26/turn    (no ring)
MPRegen 0.10/turn

%: no passive effects
@: beast-form, hasted, glowing, very quick
A: beast (slay +3), sense surroundings 1, otherworldly, glowing, explore regen
a: Begin Untransformation


You were on level 3 of the Dungeon.
You were a hulking beast.
You visited 1 branch of the dungeon, and saw 3 of its levels.

You collected 73 gold pieces.

Inventory:

Armour
 a - a +0 animal skin (worn)
Jewellery
 i - a +4 ring of protection (left hand)
Talismans
 c - a beast talisman
 d - a flux talisman
Scrolls
 g - a scroll of blinking {unknown}
 h - a scroll of teleportation {unknown}
 j - 2 scrolls of identify {unknown}
 k - 2 scrolls of fear {unknown}
 l - a scroll of revelation {unknown}
Potions
 b - a potion of lignification
 e - a potion of degeneration {unknown}
 f - a potion of invisibility {unknown}
 m - a potion of attraction {unknown}
 n - a potion of curing {unknown}
 o - a potion of haste


   Skills:
 - Level 1.1 Fighting
 - Level 2.1 Dodging
 + Level 4.7 Unarmed Combat
 * Level 5.4 Shapeshifting


You had 4 spell levels left.
You didn't know any spells.
Your spell library was empty.

Dungeon Overview and Level Annotations

Branches:
Dungeon (3/15) Zot: 1023

Altars:

Shops:
D:1 :


Innate Abilities, Weirdness & Mutations

You are a hulking beast.
Your limbs bulge with bestial killing power. (Slay +3)
You passively map a small area around you.
You are easily found by Zot.
You glow in the dark.
You regain HP and MP as you explore.


Message History

You hit the orc priest.
The orc priest is lightly wounded.
The orc priest hits you with a +0 flail.
You take 4 damage, and have 31/35 hp.
You punch the orc priest!
The orc priest is heavily wounded.
The orc priest hits you with a +0 flail.
The orc barely misses you.
You take 6 damage, and have 25/35 hp.
You closely miss the orc priest.
The orc priest is heavily wounded.
The orc closely misses you.
A goblin comes into view. It is wielding a +0 club.
The orc priest hits you with a +0 flail.
You take 6 damage, and have 19/35 hp.
You punch the orc priest!
You kill the orc priest!
The orc hits you with a +0 short sword.
The orc priest calls down the wrath of Beogh upon you.
Beogh smites you!
You have reached level 5!
You take 7 damage, and have 12/40 hp.
MP restored: 6 The orc priest calls down the wrath of Beogh upon you.
You struggle to resist.
You regained 2 hp, and now have 14/40 hp.
The orc attacks as it pursues you! The orc hits you but does no damage.
You are too injured to fight recklessly!
You are too injured to fight recklessly!
You are too injured to fight recklessly!
You punch the orc!
You kill the orc!
You are too injured to fight recklessly!
The orc priest calls down the wrath of Beogh upon you.
Beogh smites you!
* * * LOW HITPOINT WARNING * * *
Things that are here:
a +0 short sword; a +0 leather armour You take 13 damage, and have 3/40 hp.
MASSIVE DAMAGE!!
You closely miss the orc priest. The orc priest closely misses you.
You hit the orc priest.
The orc priest is lightly wounded.
The orc priest hits you with a +0 club.
* * * LOW HITPOINT WARNING * * *
You take 2 damage, and have 1/40 hp.
It was a potion of haste.
You feel yourself speed up. The goblin hits you but does no damage.
The orc priest mumbles some strange prayers to Beogh against you.
Beogh smites you!
You die...

, ....... *
#######. .....
##....... , ,
,.... ##..###### *
, #..## #..##
**#).# #.## * *
*#.######.# * * *
#........# ,
##.####o.#####.#
,#.....hg....##.#
, #...........##.#
#......>....##.#
*#...........##..
*
,*#...........###.
* #####.###.### #
#.. .# #.. ,.. ,,
,


You could see an orc priest and a goblin.

Vanquished Creatures
  An orc priest (D:3)
  An iguana (D:2)
  An adder (D:2)
  A dart slug (D:2)
  An orc (D:3)
  4 ball pythons
  A bat (D:1)
  6 endoplasms
  5 goblins
  A hobgoblin (D:2)
  4 kobolds
  3 quokkas
  3 frilled lizards (D:1)
  2 rats (D:2)
34 creatures vanquished.

Notes
Turn   | Place    | Note
-------+----------+-------------------------------------------
     0 | D:1      | backslashecho the Meteoran Shapeshifter began the quest for
                  | the Orb.
     0 | D:1      | Reached XP level 1. HP: 16/16 MP: 2/2
   126 | D:1      | Reached XP level 2. HP: 18/23 MP: 3/3
   246 | D:1      | Reached skill level 4 in Shapeshifting
   361 | D:1      | Found Jyesk's Book Shop.
   426 | D:2      | Reached XP level 3. HP: 27/28 MP: 4/4
   553 | D:2      | Reached XP level 4. HP: 14/35 MP: 5/5
   615 | D:2      | Reached skill level 5 in Shapeshifting
   774 | D:3      | Reached XP level 5. HP: 12/40 MP: 6/6
   782 | D:3      | HP: 1/40 [orc priest/+0 club (2)]
   783 | D:3      | Killed from afar by an orc priest

Illustrated notes

Levels and vault maps discovered:
D:1:      denvon_arrival_waterhouse, layout_basic, serial_shops,
          nicolae_shop_temple_entry_statues_fountains, minmay_domino_4
D:2:      layout_loops_ring
D:3:      layout_basic, minitemple, minmay_misc_feat_secret_circle,
          nrook_loot_triangle

Skill      XL: |  1  2  3  4 |
---------------+-------------+-----
Shapeshifting  | 4 5 |  5.4
Unarmed Combat | 4 |  4.7
Fighting       | |  1.1
Dodging        | |  2.1

Action                     |  1- 3 |  4- 6 || total
---------------------------+-------+-------++-------
  Melee: Unarmed           |    56 |    31 ||    87
         Punch             |     1 |     1 ||     2
    Use: Potion            |       |     1 ||     1
 Armour: Animal skin       |    33 |    17 ||    50
  Dodge: Dodged            |    34 |     8 ||    42

Table legend: (Time is in decaauts)
 A = Elapsed time spent in this place.
 B = Non-inter-level travel time spent in this place.
 C = Inter-level travel time spent in this place.
 D = Time resting spent in this place.
 E = Time spent auto-exploring this place.
 F = Levels seen in this place.
 G = Mean time per level.
                   A        B        C        D        E       F      G
               +--------+--------+--------+--------+--------+-----+--------+
         Total |    775 |    728 |     47 |      0 |    183 |   3 |  258.3 |
       Dungeon |    775 |    728 |     47 |      0 |    183 |   3 |  258.3 |
               +--------+--------+--------+--------+--------+-----+--------+

Top non-repeatable levels by time:
     D:1: 416 daAuts
     D:2: 267 daAuts
     D:3: 91 daAuts
